 Dungeon Crawl Stone Soup version 0.28-a0-1344-g6b9ff3a05d (webtiles) character file.

Game seed: 6499941239819592912

34 Deminshera the Vexing (level 3, 0/20 HPs)
             Began as a Deep Elf Arcane Marksman on Dec 29, 2021.
             Slain by a jackal (1 damage)
             ... on level 1 of the Dungeon.
             The game lasted 00:04:01 (1316 turns).

Deminshera the Vexing (Deep Elf Arcane Marksman)    Turns: 1316, Time: 00:04:02

Health: 0/20       AC:  2    Str:  7    XL:     3   Next: 14%
Magic:  7/8        EV: 13    Int: 19    God:
Gold:   49         SH:  0    Dex: 15    Spells: 5/6 levels left

rFire   . . .      SeeInvis .   (no weapon)
rCold   . . .      Faith    .   (no shield)
rNeg    . . .      Spirit   .   d - +0 robe
rPois   .          Reflect  .   (no helmet)
rElec   .          Harm     .   (no cloak)
rCorr   .          Rampage  .   (no gloves)
Will    .....                   (no boots)
Stlth   +.........              (no amulet)
HPRegen 0.06/turn               (no ring)
MPRegen 0.11/turn               (no ring)

@: no status effects
A: no striking features
a: no special abilities


You were on level 1 of the Dungeon.
You visited 1 branch of the dungeon, and saw 1 of its levels.

You collected 49 gold pieces.

Inventory:

Hand Weapons
 a - a +0 shortbow
Armour
 d - a +0 robe (worn)
Jewellery
 g - a +4 ring of evasion
Scrolls
 f - a scroll of teleportation {unknown}
Potions
 b - a potion of heal wounds {unknown}
 e - a potion of ambrosia {unknown}


   Skills:
 + Level 1.2 Fighting
 + Level 3.2 Bows
 + Level 2.9 Dodging
 + Level 2.3 Spellcasting
 + Level 4.4 Hexes


You had 5 spell levels left.
You knew the following spells:

 Your Spells              Type           Power      Damage    Failure   Level
a - Slow                  Hex            72%        N/A       2%          1

Your spell library contained the following spells:

 Spells                   Type           Power      Damage    Failure   Level
 Shock                    Conj/Air       8%         1d3       17%         1
 Inner Flame              Hex/Fire       10%        N/A       21%         3
 Portal Projectile        Hex/Tloc       20%        N/A       21%         3
 Cause Fear               Hex            9%         N/A       26%         4


Dungeon Overview and Level Annotations

Branches:
Dungeon (1/15)

Altars:

Shops:
D:1 ::


Message History

Confirm with . or Enter, or press ? or * to list all spells.
Aiming: Slow (safe; 2% risk of failure)
Press: ? - help, Shift-Dir - straight line, f/p - jackal
Aim: a jackal (chance to affect: 74%)
The jackal seems to slow down.
The jackal bites you but does no damage.
Okay, then.
You are now empty-handed.
You hit the jackal but do no damage. The jackal barely misses you.
The jackal closely misses you.
You hit the jackal.
The jackal is moderately wounded.
The jackal barely misses you.
You hit the jackal.
The jackal is heavily wounded.
The jackal barely misses you.
You hit the jackal but do no damage.
The jackal is heavily wounded.
The jackal closely misses you. The jackal bites you.
You closely miss the jackal.
The jackal is heavily wounded.
The jackal bites you but does no damage.
You barely miss the jackal.
The jackal is heavily wounded.
The jackal barely misses you. The jackal bites you.
* * * LOW HITPOINT WARNING * * *
You barely miss the jackal.
The jackal is heavily wounded.
The jackal bites you.
* * * LOW HITPOINT WARNING * * *
Casting: Slow (safe; 2% risk of failure)
Confirm with . or Enter, or press ? or * to list all spells.
Aiming: Slow (safe; 2% risk of failure)
Press: ? - help, Shift-Dir - straight line, f/p - jackal
Aim: a jackal (heavily wounded, chance to affect: 74%)
The jackal seems to slow down.
The jackal barely misses you.
You closely miss the jackal.
The jackal is heavily wounded.
The jackal bites you.
You die...

#......#......##.##...
..########..[...#......##.##...
........##......##.###.##.##...
######.##..........##.##.##...
#.#.8#.##......##..##.##......
#..#'#.##......##..##.##.###..
#<.#'..##....h.##..h#.........
#..#'#.###.##h###.............
#.#.8#.###.##@###....#......##
######..................>.....
#.........###........#####
#...............#.#..#
######...#####..#....#
#######..........#....#
#........#######.##...####
########.## #.........#
#......##########..##.##


You could see 2 jackals.

Vanquished Creatures
  A gnoll (D:1)
  A dart slug (D:1)
  2 ball pythons (D:1)
  An endoplasm (D:1)
  A giant cockroach (D:1)
  3 hobgoblins (D:1)
  4 jackals (D:1)
  A quokka (D:1)
  A bat (D:1)
  4 goblins (D:1)
  A kobold (D:1)
20 creatures vanquished.

Notes
Turn   | Place    | Note
-------+----------+-------------------------------------------
     0 | D:1      | Deminshera the Deep Elf Arcane Marksman began the quest for
                  | the Orb.
     0 | D:1      | Reached XP level 1. HP: 11/11 MP: 5/5
   223 | D:1      | Found a faded altar of an unknown god.
   231 | D:1      | Got Plato's Almanac of Flight
   272 | D:1      | Reached skill level 1 in Fighting
   357 | D:1      | Reached XP level 2. HP: 16/16 MP: 5/7
   939 | D:1      | Found Qecliw's Book Shop.
   966 | D:1      | Found Umyoxobo's Book Emporium.
  1035 | D:1      | Reached XP level 3. HP: 18/20 MP: 8/8
  1314 | D:1      | HP: 1/20 [jackal (3)]
  1316 | D:1      | Slain by a jackal

Illustrated notes

Levels and vault maps discovered:
D:1:      saegor_arrival_simple_c, layout_basic,
          shapermc_ecumenical_altar_rom_forum, serial_shops,
          nicolae_shop_window_shopping, shop_statue

Skill      XL: |  1 |
---------------+----+-----
Fighting       | 1 |  1.2
Bows           | 3 |  3.2
Spellcasting   | 2 |  2.3
Dodging        | |  2.9
Hexes          | |  4.4

Action                   || total
-------------------------++-------
Melee: Unarmed           ||     8
 Fire: Shortbow          ||    68
 Cast: Slow              ||    19
Armor: Robe              ||    14
Dodge: Dodged            ||    41

Table legend: (Time is in decaauts)
 A = Elapsed time spent in this place.
 B = Non-inter-level travel time spent in this place.
 C = Inter-level travel time spent in this place.
 D = Time resting spent in this place.
 E = Time spent auto-exploring this place.
 F = Levels seen in this place.
 G = Mean time per level.
                   A        B        C        D        E       F      G
               +--------+--------+--------+--------+--------+-----+--------+
         Total |   1326 |   1326 |      0 |    485 |    560 |   1 | 1326.0 |
       Dungeon |   1326 |   1326 |      0 |    485 |    560 |   1 | 1326.0 |
               +--------+--------+--------+--------+--------+-----+--------+

Top non-repeatable levels by time:
     D:1: 1326 daAuts
